Map: 2000 애트모스피어 - 래더

Players

Dream - Winner!

  • Race: Terran Terran

Spirit

  • Race: Terran Terran

Event: IEM Katowice 2022

VOD

Have the link to the VOD?

Description

Time

  • Played on: Feb. 24, 2022, 6:43 a.m.
  • Length: 19:29

All games in this series

Show
View Real Time Build Order
Export as new Build Order

Dream Terran - Winner!

Build Orders:  

Get SALT Encoding   

  12  0:00  SCV  
  13  0:12  SCV  
  14  0:16  Supply Depot  
  14  0:24  SCV  
  15  0:38  SCV, Barracks  
  15  0:42  Refinery  
  16  0:50  SCV  
  16  0:52  Refinery  
  17  1:02  SCV  
  18  1:14  SCV  
  19  1:25  Reaper  
  20  1:26  Orbital Command  
  20  1:27  Supply Depot  
  20  1:39  Factory  
  20  1:52  SCV  
  21  1:57  Reaper  
  22  2:04  SCV  
  23  2:16  SCV  
  23  2:19  Command Center  
  24  2:24  Hellion  
  24  2:28  SCV  
  27  2:31  Reaper  
  27  2:36  Supply Depot  
  28  2:40  SCV  
  29  2:47  Starport  
  29  2:52  SCV  
  29  2:53  Factory Tech Lab  
  30  3:04  Barracks Reactor, SCV  
  31  3:13  Cyclone  
  31  3:17  SCV  
  34  3:24  Starport Tech Lab  
  33  3:29  SCV  
  33  3:31  Orbital Command  
  33  3:32  Refinery  
  34  3:40  Marine  
  34  3:41  SCV, Marine  
  37  3:52  Raven  
  37  3:53  SCV  
  40  3:57  SCV  
  40  3:58  Marine x2  
  43  4:02  Supply Depot  
  43  4:05  SCV  
  43  4:09  SCV, Siege Tank  
  48  4:11  Supply Depot  
  48  4:16  Marine x2  
  50  4:17  SCV  
  50  4:22  SCV  
  52  4:29  SCV  
  52  4:30  Command Center  
  53  4:34  SCV  
  53  4:35  Raven  
  53  4:38  Refinery  
  56  4:41  SCV  
  56  4:42  Marine x2  
  59  4:45  Supply Depot  
  59  4:51  SCV  
  60  4:53  SCV  
  60  4:54  Siege Tank  
  64  5:00  Supply Depot  
  64  5:03  SCV, Marine  
  64  5:05  SCV, Marine  
  68  5:11  Supply Depot  
  68  5:15  SCV  
  68  5:17  Raven  
  68  5:18  SCV  
  72  5:23  Marine x2  
  72  5:27  SCV  
  74  5:30  SCV, Siege Tank  
  78  5:39  SCV  
  78  5:41  Marine x2  
  78  5:42  Supply Depot, SCV  
  80  5:43  Orbital Command  
  80  5:51  SCV, Engineering Bay  
  80  5:52  Engineering Bay  
  80  5:54  SCV  
  80  5:56  Supply Depot  
  82  6:03  SCV  
  82  6:06  SCV  
  80  6:12  SCV  
  80  6:15  SCV  
  80  6:16  Siege Tank  
  78  6:20  Orbital Command  
  78  6:21  SCV, Terran Infantry Weapons Level 1, Terran Infantry Armor Level 1  
  78  6:29  SCV  
  78  6:32  Viking x2, Stimpack  
  82  6:33  SCV  
  82  6:36  Barracks  
  82  6:37  Marine  
  84  6:43  SCV  
  84  6:46  SCV  
  86  6:51  SCV, Barracks  
  87  6:55  SCV, Marine  
  87  6:58  SCV  
  87  6:59  Siege Tank  
  93  7:03  SCV  
  93  7:06  Viking  
  93  7:07  Viking  
  95  7:08  SCV  
  95  7:11  SCV  
  96  7:16  Refinery  
  96  7:17  SCV, Refinery  
  96  7:20  SCV, Marine  
  99  7:23  SCV  
  99  7:24  Supply Depot  
  99  7:29  SCV  
  101  7:32  SCV  
  101  7:34  Command Center  
  101  7:36  SCV  
  103  7:38  Viking  
  103  7:39  Viking  
  103  7:41  SCV  
  108  7:44  SCV  
  108  7:45  Supply Depot, Barracks Reactor x2, Armory  
  108  7:48  SCV  
  110  7:52  Sensor Tower  
  110  7:54  SCV  
  110  7:57  Siege Tank  
  115  7:58  SCV  
  115  8:00  SCV  
  115  8:01  Supply Depot  
  116  8:06  SCV, Barracks  
  116  8:07  Supply Depot  
  116  8:08  Barracks  
  116  8:10  SCV  
  116  8:11  Combat Shield  
  116  8:13  SCV  
  116  8:17  Medivac  
  116  8:19  SCV  
  119  8:20  Medivac  
  119  8:22  SCV  
  119  8:25  Missile Turret  
  122  8:28  SCV  
  122  8:29  Siege Tank, Factory  
  122  8:32  Marine  
  122  8:33  Marine x3  
  130  8:34  Marine  
  130  8:36  SCV x2  
  133  8:43  Terran Vehicle Weapons Level 1  
  133  8:44  Terran Infantry Armor Level 2, Terran Infantry Weapons Level 2  
  133  8:50  Marine  
  133  8:52  Marine  
  133  8:54  Barracks Reactor, Marine  
  133  8:55  Barracks Reactor  
  136  8:57  Missile Turret, Marine  
  136  8:59  Marine  
  136  9:02  Refinery, Sensor Tower  
  138  9:05  Refinery  
  138  9:07  SCV x3  
  138  9:08  Marine  
  141  9:10  Marine  
  141  9:13  Siege Tank  
  141  9:15  Marine x2  
  141  9:16  Viking x2  
  151  9:17  Sensor Tower  
  151  9:23  Orbital Command  
  151  9:24  SCV x3  
  154  9:29  Marine x2  
  157  9:31  Command Center  
  157  9:32  Supply Depot  
  157  9:36  SCV  
  157  9:37  SCV x2  
  159  9:39  Missile Turret, Armory  
  159  9:41  Barracks Reactor  
  159  9:48  SCV  
  159  9:49  SCV  
  159  9:50  SCV  
  159  9:52  Siege Tank x2  
  168  9:56  SCV  
  169  10:00  Starport  
  169  10:01  Starport  
  169  10:04  Viking x2  
  171  10:13  Command Center  
  171  10:16  Supply Depot  
  171  10:24  Siege Tank x2  
  171  10:28  Supply Depot, Command Center  
  177  10:34  Terran Ship Weapons Level 1  
  176  10:54  Starport Tech Lab x2, Viking x2  
  176  10:56  Siege Tank  
  180  10:58  Command Center  
  180  11:01  Terran Vehicle Weapons Level 2  
  180  11:02  Terran Infantry Armor Level 3, Terran Infantry Weapons Level 3, Command Center  
  180  11:06  Missile Turret  
  180  11:16  Raven  
  182  11:19  Raven  
  182  11:25  Refinery  
  184  11:27  Viking  
  184  11:29  Refinery, Medivac  
  188  11:39  Barracks  
  188  11:40  Barracks  
  188  11:41  Barracks, Planetary Fortress  
  188  11:42  Orbital Command x2  
  188  11:46  Siege Tank  
  191  11:55  Command Center  
  191  12:00  Viking x3  
  183  12:02  Viking  
  183  12:11  Marine x2  
  183  12:12  Marine x7  
  186  12:24  Marine  
  186  12:28  Orbital Command  
  186  12:29  Orbital Command, Marine x3  
  186  12:30  Viking x3  
  186  12:32  Viking  
  191  12:43  Barracks Reactor x2  
  191  12:44  Barracks Reactor  
  160  12:56  Corvid Reactor  
  160  12:57  Terran Vehicle And Ship Armor Level 1  
  159  13:00  Raven, Viking x2, Marine x6  
  159  13:01  Raven  
  159  13:03  Marine, Sensor Tower  
  159  13:05  SCV  
  175  13:07  SCV x3  
  175  13:08  SCV  
  175  13:09  SCV  
  178  13:17  SCV x4  
  178  13:28  SCV x2  
  178  13:30  Missile Turret, Viking  
  178  13:32  Viking  
  184  13:36  Orbital Command  
  180  13:43  Viking  
  180  13:44  Viking  
  177  13:57  Marine  
  177  13:58  Marine x9  
  177  14:00  Viking  
  177  14:02  Viking  
  189  14:03  Marine  
  189  14:06  Marine  
  189  14:09  Terran Ship Weapons Level 2  
  189  14:11  Marine x2  
  189  14:12  Marine  
  189  14:13  Viking  
  190  14:17  Viking  
  190  14:20  Marine x3  
  190  14:22  Marine x3  
  182  14:26  Marine  
  182  14:30  Viking, Marine  
  180  14:31  Marine  
  180  14:32  Viking  
  183  14:39  Neosteel Armor, Hi-Sec Auto Tracking  
  183  14:40  Starport x2  
  183  14:43  Viking  
  185  14:47  Viking  
  186  14:58  Terran Vehicle And Ship Armor Level 2  
  186  14:59  Viking  
  181  15:02  Viking  
  181  15:04  Marine  
  181  15:05  Marine x5  
  186  15:08  SCV x3  
  186  15:13  Missile Turret, Viking  
  192  15:14  SCV, Missile Turret  
  192  15:17  Missile Turret  
  191  15:23  Raven  
  191  15:24  Starport Reactor x2  
  193  15:30  Missile Turret  
  193  15:37  Viking x2  
  191  16:02  Viking x4  
  191  16:03  Viking  
  181  16:13  Viking x2  
  176  16:19  Viking  
  166  16:27  Marine  
  166  16:28  Marine x4  
  166  16:32  Viking  
  165  16:39  Siege Tank x2  
  169  16:43  Raven  
  169  16:46  Viking  
  173  16:56  Raven, Orbital Command  
  175  17:05  Liberator  
  175  17:06  Liberator  
  181  17:09  Viking  
  183  17:24  Viking x3  
  183  17:26  Raven  
  191  17:33  Siege Tank x2  
  175  17:48  Viking, Raven  
  175  17:49  Viking  
  175  17:57  Refinery  
  175  17:58  Missile Turret, Refinery  
  172  17:59  Sensor Tower  
  170  18:07  Viking x4  
  170  18:09  Raven  
  172  18:18  Viking  
  172  18:19  Viking  
  173  18:22  Marine x11  
  173  18:23  Marine x5  
  189  18:31  Raven  
  191  18:37  Viking  
  191  18:40  Viking x3  
  199  18:47  Marine x4  
  200  18:54  Marine x2  
  183  19:07  Marine  
  183  19:08  Marine x9  
  188  19:10  Marine x4  
Show
View Real Time Build Order
Export as new Build Order

Spirit Terran 

Build Orders:  

Get SALT Encoding   

  12  0:00  SCV  
  13  0:12  SCV  
  14  0:17  Supply Depot  
  14  0:24  SCV  
  15  0:39  SCV  
  15  0:40  Barracks  
  16  0:44  Refinery  
  16  0:51  SCV  
  16  0:53  Refinery  
  17  1:03  SCV  
  18  1:15  SCV  
  19  1:27  Reaper  
  19  1:28  Orbital Command  
  19  1:30  Supply Depot  
  20  1:42  Factory  
  20  1:53  SCV  
  21  1:59  Reaper  
  22  2:05  SCV  
  23  2:17  SCV  
  24  2:27  Hellion, Command Center  
  24  2:29  SCV  
  27  2:32  Barracks Reactor  
  27  2:41  Supply Depot, SCV  
  28  2:49  Widow Mine  
  30  2:54  Starport  
  30  2:55  SCV  
  31  3:07  SCV  
  31  3:12  Factory Tech Lab  
  32  3:16  Marine  
  32  3:20  Marine  
  32  3:22  SCV  
  34  3:34  SCV  
  34  3:37  Factory Tech Lab  
  34  3:38  Raven  
  34  3:40  Orbital Command  
  37  3:44  Refinery, Marine  
  37  3:46  SCV, Marine  
  40  3:57  Cyclone  
  40  3:59  Supply Depot  
  40  4:01  SCV  
  40  4:02  Marine  
  45  4:05  SCV  
  46  4:13  SCV  
  46  4:16  Marine  
  48  4:17  SCV  
  48  4:20  Marine  
  48  4:21  Supply Depot  
  50  4:25  SCV, Raven  
  50  4:29  Barracks  
  53  4:31  SCV  
  53  4:34  Marine  
  53  4:37  SCV  
  56  4:41  Siege Tank  
  56  4:43  SCV  
  60  4:49  SCV  
  60  4:50  Supply Depot  
  60  4:51  Marine  
  62  4:53  Marine  
  62  4:55  SCV  
  64  5:01  SCV  
  65  5:08  SCV  
  65  5:12  Supply Depot  
  65  5:13  Command Center  
  66  5:14  SCV  
  66  5:19  Starport Reactor  
  66  5:20  SCV  
  68  5:21  Bunker  
  68  5:25  Stimpack  
  68  5:26  SCV  
  69  5:31  Marine  
  69  5:32  SCV  
  71  5:37  Siege Tank  
  71  5:38  SCV  
  71  5:39  Marine x2  
  77  5:43  Supply Depot, Refinery  
  77  5:44  SCV  
  77  5:48  Marine  
  77  5:51  SCV  
  77  5:56  SCV, Engineering Bay  
  79  5:57  Engineering Bay  
  79  6:00  Medivac  
  79  6:03  SCV, Marine  
  83  6:08  SCV, Marine  
  83  6:09  Marine, Siege Tank  
  89  6:15  SCV  
  89  6:18  Medivac  
  92  6:20  SCV  
  92  6:21  Marine  
  94  6:26  Marine  
  94  6:27  SCV, Orbital Command, Marine  
  97  6:32  Terran Infantry Weapons Level 1, Terran Infantry Armor Level 1  
  97  6:36  SCV  
  97  6:39  Marine  
  99  6:40  SCV  
  99  6:44  Orbital Command, Marine x2, Siege Tank  
  105  6:52  SCV  
  107  6:54  SCV  
  107  6:56  Marine  
  108  7:02  Marine  
  108  7:05  Sensor Tower  
  109  7:11  Supply Depot x2  
  109  7:13  Supply Depot, SCV x3, Medivac  
  109  7:14  Marine  
  116  7:19  Marine  
  116  7:20  Combat Shield  
  117  7:25  SCV  
  117  7:27  Barracks  
  117  7:28  Barracks  
  117  7:29  Barracks  
  117  7:32  SCV, Medivac  
  117  7:33  Siege Tank  
  117  7:35  SCV, Marine x2  
  124  7:38  SCV  
  125  7:48  Refinery x2  
  125  7:49  Supply Depot, SCV  
  125  7:50  SCV  
  128  7:51  SCV  
  128  7:53  Marine  
  128  7:56  Command Center  
  128  7:57  Marine x2  
  133  7:59  Viking  
  133  8:03  SCV x3  
  133  8:05  Siege Tank  
  139  8:11  Marine  
  140  8:15  SCV x2, Marine  
  140  8:18  SCV  
  140  8:19  Barracks Reactor x3  
  144  8:20  Marine  
  144  8:25  Armory  
  145  8:28  Marine  
  145  8:31  Factory  
  145  8:32  Supply Depot  
  145  8:33  Supply Depot  
  146  8:34  Supply Depot  
  146  8:35  Marine  
  146  8:36  Missile Turret  
  146  8:38  Marine  
  146  8:40  Viking x2  
  152  8:43  Missile Turret  
  152  8:46  Marine  
  152  8:47  SCV  
  154  8:50  Starport  
  154  8:51  SCV x2, Starport  
  156  8:59  SCV  
  156  9:02  Refinery  
  156  9:03  Supply Depot  
  156  9:04  Refinery  
  156  9:07  Marine x8  
  164  9:11  SCV  
  164  9:12  Planetary Fortress  
  164  9:15  Terran Infantry Weapons Level 2  
  165  9:17  Terran Infantry Armor Level 2  
  165  9:18  SCV  
  165  9:20  Terran Vehicle Weapons Level 1  
  165  9:22  Factory Tech Lab  
  165  9:29  Sensor Tower  
  165  9:31  Starport Reactor  
  165  9:32  Starport Reactor  
  165  9:39  Armory, Command Center  
  165  9:43  Fusion Core  
  165  9:47  Viking x2  
  165  9:50  SCV  
  170  9:54  Siege Tank x2  
  172  10:09  Viking x3  
  172  10:10  Viking  
  180  10:16  Command Center  
  180  10:26  Siege Tank  
  183  10:28  Missile Turret x2, Bunker, Terran Vehicle And Ship Armor Level 1  
  183  10:30  Missile Turret  
  183  10:32  Missile Turret  
  183  10:34  Missile Turret  
  183  10:35  Missile Turret  
  183  10:40  Viking  
  183  10:41  Siege Tank  
  187  10:46  Viking  
  187  10:47  Viking x3  
  186  10:50  Viking  
  186  10:56  Advanced Ballistics  
  190  11:08  Missile Turret  
  190  11:10  Command Center  
  192  11:11  SCV x2  
  192  11:16  Sensor Tower  
  197  11:27  Missile Turret, Liberator  
  197  11:28  Missile Turret  
  197  11:29  Liberator  
  197  11:31  Liberator  
  198  11:33  Planetary Fortress, Viking  
  198  11:34  Orbital Command  
  200  11:42  Terran Vehicle Weapons Level 2  
  200  11:46  Refinery  
  200  11:48  Refinery  
  200  11:56  Command Center  
  195  12:18  Viking x2  
  198  12:23  Terran Ship Weapons Level 1  
  198  12:26  Engineering Bay x2  
  198  12:41  Viking x3  
  198  12:43  Viking  
  194  12:48  Viking x2  
  191  13:11  Viking x3  
  197  13:13  Viking  
  197  13:14  Planetary Fortress  
  197  13:18  Viking  
  200  13:25  Viking  
  197  13:32  Orbital Command  
  194  13:36  Starport, Command Center  
  194  13:38  Starport  
  194  13:39  Command Center  
  194  13:40  Command Center  
  194  13:41  Liberator  
  195  13:44  Liberator x2  
  190  13:48  Marine x5  
  190  13:50  Siege Tank  
  190  13:53  Marine  
  199  14:00  Terran Infantry Armor Level 3, Terran Infantry Weapons Level 3  
  197  14:06  Viking  
  197  14:07  Viking x2  
  194  14:15  Starport  
  190  14:18  Starport Tech Lab x2  
  190  14:21  Marine  
  190  14:22  Marine, Command Center  
  190  14:23  Marine  
  182  14:26  Marine  
  182  14:27  Liberator  
  182  14:28  Marine  
  178  14:33  Siege Tank  
  178  14:35  Marine, Liberator  
  178  14:37  Liberator  
  187  14:54  Liberator x2  
  187  14:55  Terran Vehicle And Ship Armor Level 2, Terran Ship Weapons Level 2  
  187  14:56  Starport Tech Lab  
  193  15:00  SCV x5  
  198  15:38  Starport, Orbital Command x2  
  198  15:39  Starport  
  196  15:44  Siege Tank  
  196  15:45  Command Center  
  193  15:58  Viking x3  
  180  16:14  Viking  
  180  16:15  Viking x2, Marine  
  180  16:16  Marine x8  
  155  16:26  Orbital Command  
  155  16:28  Viking x3  
  151  16:33  Marine  
  151  16:34  Marine x6  
  151  16:35  Marine x2  
  157  16:44  Corvid Reactor  
  157  16:45  Starport Tech Lab, Raven  
  159  16:50  Starport  
  159  16:52  Liberator  
  162  17:00  Planetary Fortress  
  162  17:01  Marine  
  160  17:05  Marine x4  
  160  17:07  SCV  
  166  17:09  Raven  
  166  17:12  Starport Tech Lab  
  165  17:16  Raven  
  167  17:27  Raven  
  167  17:28  Starport Tech Lab  
  168  17:34  Liberator  
  168  17:35  Raven  
  173  17:43  SCV x9  
  182  17:49  Medivac x2  
  186  17:52  Raven, Medivac x2  
  186  17:53  Raven  
  186  17:55  SCV x2  
  186  17:57  SCV  
  197  18:03  Raven  
  196  18:08  Viking  
  196  18:10  Raven  
  199  18:30  Raven  
  193  18:45  Marine  
  193  18:46  Marine x8  
  144  19:03  Marine x2  
  144  19:04  Marine x7  

Tags
 
Add a new tag
Caveats
  • Supply blocks, unpowered buildings, or Contaminate may cause inaccurate times.
  • Supply counts are checked every 10 seconds.